 Dungeon Crawl Stone Soup version 0.16.0-11-gd45b091 (webtiles) character file.

1889375 Speissi the Axe Maniac (level 27, 195/195 (213) HPs)
             Began as a Demonspawn Fighter on Mar 15, 2015.
             Was the Champion of Nemelex Xobeh.
             Escaped with the Orb
             ... and 3 runes on Mar 17, 2015!
             The game lasted 06:05:49 (60450 turns).

Speissi the Axe Maniac (Demonspawn Fighter)        Turns: 60450, Time: 06:05:50

HP:   195/195 (213) AC: 34    Str: 35    XL:     27
MP:   46/46         EV: 14    Int: 10    God:    Nemelex Xobeh [******]
Gold: 5829          SH: 20    Dex: 18    Spells: 0 memorised, 26 levels left

rFire  + + .     SeeInvis +     v - +8 mithril axe "Arga" {speed, MR+ Str+2}
rCold  + + .     Clarity  .     k - +5 gold dragon armour
rNeg   + + .     SustAb   .     i - +2 shield {AC+3}
rPois  +         Gourm    .     (helmet unavailable)
rElec  +         Spirit   +     W - +2 cloak of the Thief {+Fog Slay-2 SInv Stlth+}
rCorr  .         Warding  .     a - +3 pair of gloves "Klauna" {Contam rElec rF- rC+ rN+}
rMut   .         Stasis   .     x - +1 pair of boots "Cesoil" {Stlth+}
MR     +++..                    D - amulet of regeneration
Stlth  ++........               A - ring "Mout" {MP+9 Str+5 Stlth+}
                                V - ring of the Harvest {rElec rPois rF+ rN+ Str+2}

@: extremely resistant to hostile enchantments, unstealthy
A: horns 3, thin skeletal structure 3, clumsy 1, deformed body, fire resistance
1, hurl hellfire, frail 1, powered by death 3, weak 1, magic shield, magic
regeneration, magic link, flame cloud immunity, MP-powered wands 1
a: Hellfire, Triple Draw, Deal Four, Stack Five, Renounce Religion, Evoke Fog
0: Orb of Zot
}: 3/15 runes: decaying, serpentine, silver


You escaped.
You worshipped Nemelex Xobeh.
Nemelex Xobeh was exalted by your worship.
You were not hungry.

You visited 14 branches of the dungeon, and saw 68 of its levels.
You also visited: Trove and Ice Cave.

You collected 8248 gold pieces.
You spent 2419 gold pieces at shops.

Inventory:

Hand weapons
 v - the +8 mithril axe "Arga" (weapon) {speed, MR+ Str+2}
   (You acquired it on level 1 of the Vaults)

   Attacks with this weapon are significantly faster.
   It affects your strength (+2).
   It affects your resistance to hostile enchantments.
Armour
 a - the +3 pair of gloves "Klauna" (worn) {Contam rElec rF- rC+ rN+}
   (You found it in an ice cave)

   It makes you vulnerable to fire.
   It protects you from cold.
   It insulates you from electricity.
   It protects you from negative energy.
   It causes magical contamination when unequipped.
 i - a +2 shield of protection (worn)
 k - a +5 gold dragon armour (worn)
 x - the +1 pair of boots "Cesoil" (worn) {Stlth+}
   (You acquired it on level 1 of the Vaults)

   It makes you more stealthy.
 W - the +2 cloak of the Thief (worn) {+Fog Slay-2 SInv Stlth+}
   (You found it in a treasure trove)

   It affects your accuracy and damage with ranged weapons and melee attacks
   (-2).
   It enhances your eyesight.
   It can be evoked to emit clouds of fog.
   It makes you more stealthy.
Jewellery
 A - the ring "Mout" (right hand) {MP+9 Str+5 Stlth+}
   (You took it off a deep elf demonologist on level 3 of the Elven Halls)

   [ring of magical power]

   It affects your strength (+5).
   It affects your magic capacity (+9).
   It makes you more stealthy.
 D - an amulet of regeneration (around neck)
 J - a +4 ring of dexterity
 Q - an uncursed ring of flight {unknown}
 V - the ring of the Harvest (left hand) {rElec rPois rF+ rN+ Str+2}
   (You found it on level 3 of the Crypt)

   [ring of positive energy]

   It affects your strength (+2).
   It protects you from fire.
   It insulates you from electricity.
   It protects you from poison.
   It protects you from negative energy.
Scrolls
 c - 9 scrolls of identify
 n - 23 scrolls of teleportation
 q - 11 scrolls of fog
 w - 20 scrolls of remove curse
 B - 6 scrolls of blinking
 H - 8 scrolls of fear
 T - 2 scrolls of summoning
Potions
 b - 2 potions of haste
 e - 3 potions of might
 f - 26 potions of curing
 g - 6 potions of resistance
 m - 10 potions of heal wounds
 s - 2 potions of invisibility
Miscellaneous
 d - a plain deck of escape
 l - a legendary deck of destruction {drawn: 1}
 o - an ornate deck of escape
 p - a legendary deck of war {drawn: 6}
 r - a legendary deck of defence {the Blade}
 t - an ornate deck of escape {drawn: 1}
 u - a legendary deck of destruction
 y - a legendary deck of war {drawn: 5}
 z - a legendary deck of war
 C - the horn of Geryon
 E - a legendary deck of war
 G - a legendary deck of escape
 I - a legendary deck of destruction
 K - an ornate deck of destruction {drawn: 6}
 L - a legendary deck of war
 M - a legendary deck of war
 N - a legendary deck of escape
 O - a legendary deck of war
 P - an ornate deck of summoning
 R - a legendary deck of war
 S - an ornate deck of destruction
 U - a legendary deck of war
 X - a legendary deck of war
 Y - a legendary deck of war
 Z - a legendary deck of destruction {drawn: 7}
Comestibles
 j - 25 meat rations
 F - 4 royal jellies


   Skills:
 + Level 23.9 Fighting
 O Level 27 Axes
 + Level 16.8 Armour
 + Level 10.9 Dodging
 + Level 15.1 Stealth
 + Level 19.4 Shields
 + Level 11.4 Evocations


You had 26 spell levels left.
You didn't know any spells.

Dungeon Overview and Level Annotations

Branches:
Dungeon (15/15)            Temple (0/1) D:4            Lair (8/8) D:11
  Swamp (5/5) Lair:6        Snake (5/5) Lair:4        Slime (1/6) Lair:7
    Orc (4/4) D:9             Elf (3/3) Orc:4        Vaults (5/5) D:13
  Crypt (3/3) Vaults:3       Tomb (1/3) Crypt:3      Depths (5/5) D:15
   Hell (1/1)                 Dis (0/7) Hell            Geh (0/7) Hell
    Coc (7/7) Hell            Tar (0/7) Hell            Zot (5/5) Depths:5

Altars:
Ashenzari
Dithmenos
Fedhas
Gozag
Kikubaaqudgha
Makhleb
Nemelex Xobeh
Okawaru
Qazlal
Sif Muna
Trog
Xom
Yredelemnul
Zin
The Shining One
Beogh
Jiyva

Shops:
D:4 [   D:10 ?   Orc:2 [   Orc:3 %   Orc:4 *((=   Snake:2 =   Vaults:1 ?
Vaults:2 [   Vaults:5 [*   Depths:4 (

Portals:
Hell: Depths:1 Depths:2 Depths:3 Depths:4 Depths:5
Abyss: Depths:1 Depths:3 Depths:4 Depths:5
Pandemonium: Depths:1 Depths:3
Ziggurat: Depths:4

Annotations:
D:6 exclusion: 2 electric eels
Depths:2 exclusions: ice statue and obsidian statue


Innate Abilities, Weirdness & Mutations

You have a pair of large horns on your head.
You have an unnaturally thin skeletal structure (Dex +6, Stealth++).
Your flesh is heat resistant.
You can hurl blasts of hellfire.
You can steal the life force of all defeated enemies in sight.
When hurt, damage is shared between your health and your magic reserves.
You regenerate magic rapidly.
When low on magic, you restore magic in place of health.
You are immune to clouds of flame.
You are clumsy. (Dex -2)
Armour fits poorly on your strangely shaped body.
You are frail (-10% HP).
You are weak. (Str -2)
You expend magic power (3 MP) to slightly strengthen your wands.


Message History

The reaper is heavily wounded.
You slash the reaper!
The reaper is severely wounded.
You hit the reaper but do no damage.
The reaper is severely wounded.
The reaper misses you.
You barely miss the reaper.
The reaper is severely wounded.
You slash the reaper!! You headbutt the reaper.
You kill the reaper!
You see here a scythe of venom.
You see here a +0 ring mail.
A sun demon comes into view.
The sun demon shouts!
You slice the sun demon!!!
You kill the sun demon!
There is an open gate here.
There is an open gate here.
There is a staircase leading out of the dungeon here.
You have escaped!

.......)...[................'....
##.#####.###.################.)..
#.# #.# #..# #.... #.# #.#
##.######### #.... #.# #.#
#.........# #.... ##'##
#.####..######.# #.... #...#
#..#....#.#.8#.# ##(## #...#
##......#..#'#.# #.## #...#
##.###.#@.#'..# #... #...# #.#
#.#..#'#.########... #...# #.#
#.#.#.8#........'>.. ##'## #.#
#.######.########... #.#######.#
#..# #..# #... #.........# #..##
#.## #### ########### #...# #.#
##.........# #.#.# #.#
...........# #.#.# #.#


There were no monsters in sight!

Vanquished Creatures
  4 orbs of fire
  3 ancient liches
  Sojobo (Tomb:1)
  19 shard shrikes
  Saint Roka (Orc:4)
  3 pandemonium lords
  2 curse toes (Zot:4)
  2 Killer Klowns (Zot:5)
  Geryon (Hell)
  15 golden dragons
  5 bone dragons
  3 electric golems
  10 liches
  A Hell Sentinel (Zot:4)
  11 tentacled monstrosities
  21 Orb Guardians
  4 Ice Fiends
  2 deep elf blademasters (Elf:3)
  2 deep elf master archers (Elf:3)
  A titan (Depths:3)
  A quicksilver dragon (shapeshifter) (Depths:2)
  A Shadow Fiend (Elf:3)
  Murray (Hell)
  2 eldritch tentacles
  3 quicksilver dragons
  12 sphinxes
  2 Executioners (Tomb:1)
  An acid blob (Slime:1)
  14 tengu reavers
  Agnes (Swamp:1)
  15 shadow dragons
  A storm dragon (shapeshifter) (Depths:2)
  8 storm dragons
  Kirke (Snake:1)
  2 ancient champions
  Frances (Elf:3)
  A revenant (Crypt:1)
  8 fire giants
  An azure jelly (Zot:2)
  6 draconian monks
  14 greater nagas
  A ghost moth (shapeshifter) (Depths:2)
  Donald (Snake:2)
  Wiglaf (Depths:1)
  A frost giant (shapeshifter) (Depths:2)
  4 iron dragons
  5 frost giants
  5 draconian scorchers
  A fire giant (shapeshifter) (Depths:2)
  5 draconian zealots
  Aizul (Snake:1)
  Louise (Snake:2)
  5 draconian knights
  7 vault wardens
  2 orc warlords (Vaults:5)
  A curse skull (Crypt:2)
  A stone giant (shapeshifter) (Vaults:5)
  4 emperor scorpions
  5 deep elf sorcerers
  11 draconian annihilators
  A ghost moth (Zot:3)
  Gastronok (D:11)
  13 ironheart preservers
  2 balrugs
  2 spriggan defenders
  15 reapers
  6 ghouls
  3 elemental wellsprings
  10 draconian shifters
  8 grey draconians
  8 war gargoyles
  2 large abominations
  13 stone giants
  4 vampire knights
  13 deep elf demonologists
  2 salamander firebrands
  3 draconian callers
  A lorocyproca (Depths:5)
  10 green draconians
  10 very ugly things
  9 deep elf annihilators
  A spectral titan (Depths:4)
  10 red draconians
  Azrael (Elf:3)
  3 dire elephants
  7 white draconians
  7 purple draconians
  5 yellow draconians
  7 black draconians
  2 unborn (Tomb:1)
  5 pale draconians
  4 mottled draconians
  22 vault guards
  5 eidola
  14 ettins
  An ettin (shapeshifter) (Depths:2)
  Snorg (D:14)
  9 blizzard demons
  19 crystal guardians
  5 quicksilver dragon zombies
  11 deep elf death magi
  4 minotaurs
  A minotaur (shapeshifter) (Depths:2)
  16 yaktaur captains
  4 great orbs of eyes
  A jiangshi (Crypt:2)
  5 kraken zombies
  7 deep elf high priests
  18 ice dragons
  3 rakshasas
  16 fire dragons
  3 death cobs
  A spectral shadow dragon (Depths:4)
  14 hydras
  A hydra (shapeshifter) (Depths:2)
  2 monstrous demonspawn (Depths:2)
  17 naga warriors
  A quicksilver dragon skeleton (Crypt:1)
  5 centaur warriors
  3 ghost crabs
  Nessos (Snake:2)
  The ghost of Pereza0 the Basher, a powerful DgSu (D:11)
  A spriggan air mage (Depths:5)
  An alligator snapping turtle (Zot:3)
  4 hell beasts
  37 dancing weapons
  3 catoblepae
  2 deep troll earth magi
  9 alligators
  15 ogre magi
  5 anacondas
  2 tengu warriors
  2 titan zombies
  14 death yaks
  A death knight (Crypt:3)
  9 orc high priests
  3 shock serpents
  3 deep troll shamans
  Urug (D:11)
  6 spriggans
  2 vampire magi
  A spectral spriggan (Depths:4)
  8 soul eaters
  4 sun demons
  3 spriggan berserkers (Depths:5)
  13 hell knights
  2 iron golems (Hell)
  27 ice devils
  16 naga sharpshooters
  3 storm dragon zombies
  3 hell hogs (D:5)
  2 titan skeletons
  A salamander mystic (Snake:3)
  A ghost moth zombie (Hell)
  2 fire crabs (Vaults:2)
  A storm dragon skeleton (Coc:7)
  4 shadow demons
  17 deep elf knights
  3 death drakes
  A fire crab (shapeshifter) (Depths:5)
  3 iron trolls
  3 shadow wraiths
  2 golden dragon zombies
  A ball lightning (Depths:2)
  62 skeletal warriors
  9 anaconda zombies
  A deep troll (shapeshifter) (Depths:4)
  A spriggan druid (Swamp:5)
  9 deep elf summoners
  14 ironbrand convokers
  2 wizards
  6 deep trolls
  3 shambling mangroves
  4 flayed ghosts
  A spectral hydra (Swamp:5)
  An unseen horror (shapeshifter) (Vaults:4)
  2 ice statues
  6 anaconda skeletons
  2 unseen horrors
  9 naga ritualists
  8 giant orange brains (Depths:2)
  5 small abominations
  8 swamp dragons
  A shadow dragon zombie (Crypt:2)
  A lindwurm (shapeshifter) (Depths:2)
  15 orc knights
  A golden dragon skeleton (Depths:5)
  5 anubis guards
  8 harpies
  A griffon (shapeshifter) (Vaults:5)
  10 hill giants
  19 deep elf conjurers
  2 wolf spider zombies
  6 manticores
  4 stone giant zombies
  An ugly thing zombie (Vaults:4)
  An iron dragon zombie (Coc:4)
  An oklob plant (Lair:4)
  9 cyclopes
  A mana viper (shapeshifter) (Depths:2)
  11 phantasmal warriors
  10 necromancers
  2 shadow dragon skeletons (Coc:3)
  5 griffons
  A sixfirhy (Zot:4)
  2 hornets (shapeshifter)
  5 fire giant zombies
  2 wolf spiders
  A sphinx skeleton (Crypt:2)
  41 ugly things
  A moth of wrath (shapeshifter) (Vaults:5)
  A draconian (Vaults:1)
  23 moths of wrath
  A water nymph (shapeshifter) (Depths:2)
  7 guardian serpents
  An iron dragon skeleton (Crypt:3)
  13 elephants (Lair:8)
  A titan simulacrum (Coc:3)
  3 frost giant skeletons
  3 manticores (shapeshifter)
  10 orc sorcerers
  4 stone giant skeletons
  12 mana vipers
  4 salamanders
  4 hornets
  2 fire giant skeletons
  Maurice (D:12)
  A dire elephant zombie (Crypt:3)
  Joseph (D:12)
  An octopode (shapeshifter) (Vaults:5)
  2 orange demons
  18 black mambas
  A molten gargoyle (Depths:2)
  A queen ant (shapeshifter) (Depths:2)
  A black mamba (shapeshifter) (Vaults:3)
  A spiny frog (shapeshifter) (Vaults:1)
  14 spiny frogs
  4 torpor snails
  5 rust devils
  8 vault sentinels
  A hellion (D:3)
  A centaur skeleton (D:12)
  2 human zombies
  A shock serpent skeleton (Coc:1)
  5 kobold demonologists
  5 fire drakes
  A catoblepas zombie (Coc:6)
  9 tormentors
  14 naga magi
  5 hellwings
  8 smoke demons
  3 gargoyles (Depths:2)
  49 yaktaurs
  32 freezing wraiths
  A silent spectre (Crypt:2)
  3 anaconda simulacra (IceCv)
  2 demonic crawlers (Depths:4)
  3 guardian mummies (Tomb:1)
  A komodo dragon (shapeshifter) (Depths:2)
  A polar bear (Lair:8)
  18 blue devils
  6 swamp worm zombies (Swamp:5)
  9 komodo dragons
  7 trolls
  2 spectral moths of wrath (Zot:3)
  3 harpy zombies
  6 wind drakes
  12 deep elf priests
  A jumping spider (Vaults:4)
  16 hydra zombies
  7 red devils
  23 two-headed ogres
  4 raiju (Depths:2)
  2 golden dragon simulacra
  2 ettin zombies (Crypt:3)
  An iron troll skeleton (Crypt:1)
  A polar bear (shapeshifter) (Vaults:4)
  14 bog bodies
  2 harpy skeletons
  A snapping turtle (shapeshifter) (Depths:2)
  15 giant leeches
  A troll (shapeshifter) (D:15)
  4 hydra skeletons
  17 blink frogs
  A minotaur skeleton (D:15)
  A shadow dragon simulacrum (Crypt:2)
  A spectral swamp dragon (Swamp:5)
  3 ushabtiu (Tomb:1)
  5 baby alligators
  2 boulder beetles
  13 alligator zombies
  4 elf zombies
  9 ravens
  A frost giant simulacrum (Coc:2)
  49 slime creatures
  A baby alligator (shapeshifter) (Depths:1)
  A dire elephant simulacrum (IceCv)
  5 air elementals
  A fire dragon zombie (Coc:2)
  3 ice dragon zombies
  A black mamba zombie (Crypt:3)
  4 alligator skeletons
  2 ettin skeletons
  A hog (shapeshifter) (Vaults:2)
  45 flying skulls
  3 basilisks
  2 wyverns
  2 ice dragon skeletons
  4 fire dragon skeletons
  13 redbacks
  2 trapdoor spiders
  A fire bat (Orc:4)
  5 hogs
  A tarantella (shapeshifter) (Vaults:5)
  19 shadows
  2 ynoxinuls
  Eustachio (D:6)
  9 fire elementals
  11 hippogriffs
  22 deep elf magi
  A neqoxec (Elf:3)
  6 vampires
  A yak (shapeshifter) (Depths:3)
  5 chaos spawn
  28 deep elf fighters
  23 yaks
  23 vampire mosquitoes
  14 wolves
  A hippogriff (shapeshifter) (D:12)
  A tarantella (Elf:1)
  19 water elementals
  2 humans (shapeshifter)
  57 nagas
  6 wargs
  2 steam dragons
  24 swamp worms
  13 wraiths
  13 insubstantial wisps
  Menkaure (D:4)
  4 hungry ghosts
  A raven zombie (Crypt:1)
  A soldier ant (D:11)
  29 water moccasins
  3 harpy simulacra (IceCv)
  5 hydra simulacra
  A soldier ant (shapeshifter) (Vaults:5)
  8 porcupines
  11 spiny frog zombies
  3 iron troll simulacra (IceCv)
  A mottled dragon (D:15)
  15 wasps
  17 ice beasts
  An infernal demonspawn skeleton (Crypt:1)
  12 swamp drakes
  2 black bears (shapeshifter)
  65 orc warriors
  3 hell hounds
  An alligator simulacrum (Coc:2)
  2 anubis guard zombies (Tomb:1)
  A sky beast (D:14)
  4 snapping turtle zombies
  An orc zombie (Vaults:5)
  An eye of draining (shapeshifter) (Snake:5)
  5 spiny frog skeletons
  2 eyes of draining
  8 boggarts
  A manticore zombie (Coc:2)
  3 swamp dragon zombies (Swamp:5)
  A lindwurm zombie (Crypt:2)
  5 black bears
  4 ettin simulacra
  2 ice dragon simulacra
  A spectral fire drake (Lair:8)
  A boring beetle (D:11)
  13 phantoms
  A snapping turtle skeleton (Coc:2)
  6 centaurs
  A blink frog skeleton (Crypt:2)
  17 crocodiles
  A swamp dragon skeleton (Tomb:1)
  11 necrophages
  57 ogres
  Duvessa (D:4)
  A yaktaur zombie (Vaults:4)
  A gnoll sergeant (D:6)
  3 big kobolds
  Blork the orc (D:4)
  3 elf skeletons
  36 giant frogs
  2 wyvern zombies
  12 earth elementals (Depths:2)
  A spiny frog simulacrum (Coc:4)
  A scorpion (D:10)
  A troll zombie (Swamp:3)
  6 killer bees
  A yak skeleton (Crypt:2)
  50 wights
  2 troll skeletons (Swamp:3)
  5 electric eels
  Dowan (D:4)
  11 crimson imps
  A goliath beetle (D:6)
  6 centaur zombies
  A boring beetle zombie (Crypt:2)
  3 giant frog skeletons
  A quasit (D:15)
  2 giant frog zombies
  7 iron imps
  4 jellies
  11 hounds
  11 iguanas
  32 orc priests
  2 draconian simulacra (IceCv)
  32 orc wizards
  2 polar bear simulacra (IceCv)
  3 spectral swamp drakes (Swamp:5)
  Natasha (thrice) (D:6)
  2 wolf simulacra (IceCv)
  13 worker ants
  7 hell rats
  16 sheep
  4 troll simulacra (IceCv)
  A spriggan simulacrum (IceCv)
  A demigod zombie (Crypt:2)
  2 tengu skeletons
  A centaur simulacrum (IceCv)
  A hound skeleton (D:5)
  2 hound zombies
  Terence (D:3)
  9 mummies
  15 adders
  3 ogre simulacra (IceCv)
  2 worker ant zombies
  6 gnolls (D:6)
  2 naga simulacra (IceCv)
  55 river rats
  2 swamp drake zombies (Swamp:5)
  A steam dragon skeleton (Crypt:1)
  15 white imps
  7 shadow imps
  A worm (shapeshifter) (Depths:2)
  6 worms
  10 ufetubi
  A spectral adder (Lair:8)
  An adder zombie (D:6)
  5 giant geckos
  An ooze (Orc:4)
  261 orcs
  A bat zombie (D:7)
  2 gnoll zombies (D:6)
  22 goblins
  17 hobgoblins
  8 jackals
  17 quokkas
  A river rat skeleton (Crypt:1)
  A bat (shapeshifter) (Depths:2)
  9 bats
  3 giant cockroaches
  A giant gecko skeleton (D:4)
  6 giant newts
  A giant spore (D:12)
  A goblin zombie (Orc:4)
  23 kobolds
  A kobold zombie (Crypt:3)
  A quokka skeleton (D:6)
  A quokka zombie (D:6)
  16 rats
  6 ballistomycetes
  A block of ice (Depths:5)
  5 crawling corpses (Vaults:5)
  7 fungi
  7 plants
  A tentacle (Coc:3)
3393 creatures vanquished.

Vanquished Creatures (collateral kills)
  An ancient lich (Zot:5)
  A Killer Klown (Zot:5)
  A quicksilver dragon (Vaults:5)
  2 Orb Guardians (Zot:5)
  An acid blob (Lair:7)
  A Shadow Fiend (Elf:3)
  A sphinx (Depths:3)
  A vault warden (Vaults:1)
  A frost giant (Vaults:1)
  2 balrugs
  2 green draconians
  A black draconian (Zot:4)
  4 deep elf annihilators (Elf:3)
  A purple draconian (Zot:2)
  7 vault guards
  2 hydras
  A naga warrior (Snake:5)
  A catoblepas (Zot:1)
  A centaur warrior (Depths:3)
  A death yak (Depths:3)
  A skeletal warrior (Crypt:2)
  A shadow wraith (Crypt:2)
  An ice devil (Coc:1)
  A hill giant (D:12)
  A naga ritualist (Snake:5)
  An elephant (Lair:8)
  An iron dragon skeleton (Crypt:2)
  A vault sentinel (Vaults:1)
  2 naga magi (Snake:5)
  A spiny frog (Lair:1)
  A tormentor (Coc:1)
  2 yaktaurs
  A hellion (Hell)
  A hellwing (Elf:3)
  A troll (D:12)
  A freezing wraith (Coc:1)
  2 hydra zombies (Swamp:5)
  A two-headed ogre (Vaults:1)
  3 blink frogs (Swamp:4)
  Grinder (D:4)
  4 flying skulls (Coc:1)
  A tarantella (shapeshifter) (Vaults:4)
  A wraith (Coc:1)
  2 yaks (Lair:4)
  A water elemental (Depths:2)
  2 vampire mosquitoes
  A mottled dragon (Depths:2)
  6 nagas (Snake:5)
  A harpy simulacrum (IceCv)
  An insubstantial wisp (Swamp:5)
  A sky beast (D:3)
  2 phantoms
  2 orc warriors
  A black bear (D:9)
  A centaur (D:9)
  A wasp (Orc:4)
  2 ogres (Vaults:1)
  An electric eel (D:6)
  A killer bee (Swamp:4)
  5 wights
  A hound (D:9)
  3 river rats
  17 orcs
116 creatures vanquished.

Vanquished Creatures (others)
  A pandemonium lord (Depths:3)
  An eldritch tentacle (Depths:5)
  A storm dragon (Zot:2)
  A balrug (Depths:5)
  An ironheart preserver (Vaults:5)
  An elemental wellspring (Zot:5)
  2 very ugly things
  A salamander firebrand (Vaults:5)
  A yaktaur captain (Vaults:5)
  A deep elf high priest (Elf:3)
  A great orb of eyes (Depths:4)
  2 ice dragons
  6 dancing weapons
  A shock serpent (Vaults:5)
  A death scarab (Tomb:1)
  3 flayed ghosts
  7 ball lightnings (Depths:2)
  A naga ritualist (Snake:1)
  A deep elf conjurer (Elf:1)
  An orc sorcerer (Vaults:5)
  3 mana vipers (Snake:1)
  A black mamba (Snake:1)
  A manticore (Lair:8)
  A faun (Zot:1)
  A moth of wrath (Zot:5)
  A hornet (Lair:8)
  A hellion (Depths:4)
  A hellwing (D:6)
  A blue devil (Coc:7)
  A hydra zombie (Coc:7)
  2 fire vortices (Coc:1)
  A two-headed ogre (Depths:1)
  A raiju (Depths:2)
  5 ravens (Zot:2)
  12 air elementals
  A basilisk (Depths:2)
  A flying skull (Coc:6)
  6 water elementals
  A fire elemental (Elf:3)
  A mottled dragon (Lair:5)
  A golden eye (Depths:5)
  2 wargs (Vaults:5)
  8 vampire mosquitoes
  2 nagas (Snake:1)
  2 chimeras
  A mottled dragon (shapeshifter) (Vaults:5)
  2 ogres
  2 orc warriors (Vaults:5)
  17 wasps
  6 centaurs
  12 lost souls
  2 killer bees (Depths:5)
  An orc priest (Orc:4)
  2 sheep
  3 river rats (Lair:5)
  An ooze (Orc:4)
  3 orcs
  A giant newt (Orc:4)
  2 giant spores
  94 eldritch tentacle segments
  6 plants
  3 tentacles (Coc:3)
  5 tentacle segments (Coc:3)
256 creatures vanquished.

Grand Total: 3765 creatures vanquished

Notes
Turn   | Place    | Note
--------------------------------------------------------------
     0 | D:1      | Speissi, the Demonspawn Fighter, began the quest for the Orb.
     0 | D:1      | Reached XP level 1. HP: 18/18 MP: 1/1
   187 | D:1      | Gained mutation: You have a pair of small horns on your head. [demonic ancestry]
   187 | D:1      | Reached XP level 2. HP: 18/24 MP: 2/2
   676 | D:1      | Reached XP level 3. HP: 29/29 MP: 3/3
  1194 | D:2      | Found a glowing golden altar of the Shining One.
  1412 | D:2      | Found a bloodstained altar of Trog.
  1555 | D:2      | Found a sparkling altar of Nemelex Xobeh.
  1556 | D:2      | Found a stormy altar of Qazlal.
  1564 | D:2      | Became a worshipper of Nemelex Xobeh the Trickster
  1621 | D:3      | Received a gift from Nemelex Xobeh
  1789 | D:3      | Gained mutation: You have a pair of horns on your head. [demonic ancestry]
  1789 | D:3      | Reached XP level 4. HP: 35/35 MP: 4/4
  1813 | D:3      | Noticed a sky beast
  1818 | D:3      | Killed a sky beast
  1873 | D:3      | Gained mutation: You have a somewhat thin skeletal structure (Dex +2, Stealth). [demonic ancestry]
  1873 | D:3      | Reached XP level 5. HP: 23/42 MP: 5/5
  2416 | D:3      | Noticed Terence
  2423 | D:3      | Killed Terence
  2612 | D:3      | Found a burning altar of Makhleb.
  2670 | D:4      | Found Saul Blag's Armour Boutique.
  2675 | D:4      | Noticed Grinder
  2680 | D:4      | Killed Grinder
  2680 | D:4      | Reached skill level 4 in Fighting
  2680 | D:4      | Reached skill level 1 in Dodging
  2680 | D:4      | Gained mutation: You have a moderately thin skeletal structure (Dex +4, Stealth+). [demonic ancestry]
  2680 | D:4      | Reached XP level 6. HP: 48/48 MP: 6/6
  2684 | D:4      | Found an opulent altar of Gozag.
  2724 | D:4      | Found a shattered altar of Ashenzari.
  2747 | D:4      | Noticed Duvessa
  2754 | D:4      | Noticed Dowan
  2758 | D:4      | Killed Duvessa
  2762 | D:4      | Killed Dowan
  2974 | D:4      | Found a staircase to the Ecumenical Temple.
  2979 | D:4      | Noticed Menkaure
  2980 | D:4      | Noticed Prince Ribbit
  3227 | D:4      | Found a shadowy altar of Dithmenos.
  3455 | D:4      | Reached skill level 1 in Stealth
  3455 | D:4      | Reached XP level 7. HP: 50/54 MP: 7/7
  3490 | D:4      | Noticed Blork the orc
  3502 | D:4      | Killed Blork the orc
  3590 | D:4      | Killed Menkaure
  4004 | D:5      | Entered Level 5 of the Dungeon
  4059 | D:5      | Reached skill level 5 in Armour
  4168 | D:5      | Found a blossoming altar of Fedhas.
  4168 | D:5      | Found an ancient bone altar of Kikubaaqudgha.
  4538 | D:5      | Gained mutation: When hurt, damage is shared between your health and your magic reserves. [demonic ancestry]
  4538 | D:5      | Reached XP level 8. HP: 32/61 MP: 9/9
  5596 | D:6      | Noticed Natasha
  5600 | D:6      | Killed Natasha
  5622 | D:6      | Reached skill level 5 in Fighting
  5675 | D:6      | Noticed Natasha
  5682 | D:6      | Killed Natasha
  5801 | D:6      | Received a gift from Nemelex Xobeh
  5905 | D:6      | Noticed Eustachio
  5911 | D:6      | Reached skill level 5 in Axes
  5914 | D:6      | Killed Eustachio
  5914 | D:6      | Reached skill level 6 in Armour
  6036 | D:6      | Noticed Natasha
  6045 | D:6      | Killed Natasha
  6319 | D:6      | Noticed Prince Ribbit
  6319 | D:6      | Prince Ribbit changed into Prince Ribbit the two-headed ogre
  6324 | D:6      | Killed Prince Ribbit the two-headed ogre
  6324 | D:6      | Reached skill level 1 in Evocations
  6324 | D:6      | Gained mutation: You can steal the life force of nearby defeated enemies. [demonic ancestry]
  6324 | D:6      | Reached XP level 9. HP: 64/68 MP: 9/11
  6455 | D:6      | Received a gift from Nemelex Xobeh
  6733 | D:6      | Found a deep blue altar of Sif Muna.
  6989 | D:7      | Acquired Nemelex Xobeh's first power
  7034 | D:7      | Reached skill level 7 in Armour
  7784 | D:8      | Found an iron altar of Okawaru.
  8011 | D:8      | Received a gift from Nemelex Xobeh
  8268 | D:9      | Found a glowing silver altar of Zin.
  8383 | D:9      | Reached skill level 5 in Dodging
  8454 | D:9      | Reached XP level 10. HP: 61/77 MP: 10/14
  8546 | D:9      | Found a roughly hewn altar of Beogh.
  8546 | D:9      | Found a staircase to the Orcish Mines.
  8589 | D:9      | Received a gift from Nemelex Xobeh
  8735 | D:9      | Got a heavily runed ring mail
  8748 | D:9      | Identified the +0 ring mail "Skink" {rElec rF+ Stlth+} (You found it on level 9 of the Dungeon)
  9031 | D:10     | Entered Level 10 of the Dungeon
  9068 | D:10     | Acquired Nemelex Xobeh's second power
  9090 | D:10     | Found Klaumuu's Magic Scroll Shoppe.
  9099 | D:10     | Bought a scroll of noise for 13 gold pieces
  9099 | D:10     | Bought a scroll of enchant armour for 97 gold pieces
  9535 | D:10     | Received a gift from Nemelex Xobeh
  9900 | D:11     | Noticed a hill giant
  9907 | D:11     | Killed a hill giant
  9907 | D:11     | Reached skill level 8 in Armour
 10076 | Orc:1    | Entered Level 1 of the Orcish Mines
 10339 | Orc:2    | Found Stririeni's Antique Armour Emporium.
 10339 | Orc:2    | Received a gift from Nemelex Xobeh
 10476 | Orc:3    | Noticed an orc knight
 10690 | Orc:3    | Killed an orc knight
 10740 | Orc:3    | Acquired Nemelex Xobeh's third power
 10835 | Orc:3    | Received a gift from Nemelex Xobeh
 10840 | Orc:3    | Noticed an orc knight
 10851 | Orc:3    | Reached XP level 11. HP: 48/84 MP: 9/16
 10851 | Orc:3    | Killed an orc knight
 11259 | Orc:4    | Entered Level 4 of the Orcish Mines
 11693 | Orc:4    | Received a gift from Nemelex Xobeh
 11782 | Orc:4    | Reached skill level 9 in Axes
 11991 | Orc:4    | Found a roughly hewn altar of Beogh.
 12292 | Orc:4    | Found Neakaan's Jewellery Emporium.
 12297 | Orc:4    | Bought the ring of Mupuon {rElec MR- MP+9 Str+4 Dex+3 Stlth+} for 662 gold pieces
 12305 | Orc:4    | Found Ujea's Weapon Shoppe.
 12312 | Orc:4    | Reached skill level 5 in Stealth
 12441 | Orc:4    | Noticed Saint Roka
 12508 | Orc:3    | Found Ijeuklantes' Food Emporium.
 12612 | Orc:3    | Noticed an orc sorcerer
 12616 | Orc:3    | Killed an orc sorcerer
 12801 | Orc:4    | Reached skill level 10 in Axes
 12998 | Orc:4    | Found a roughly hewn altar of Beogh.
 13001 | Orc:4    | Gained mutation: You regenerate magic rapidly. [demonic ancestry]
 13001 | Orc:4    | Reached XP level 12. HP: 86/94 MP: 18/18
 13018 | Orc:4    | Killed Saint Roka
 13118 | Orc:4    | Noticed an orc high priest
 13125 | Orc:4    | Killed an orc high priest
 13125 | Orc:4    | Reached skill level 11 in Axes
 13126 | Orc:4    | Found Aqirudor's Antique Weapon Shoppe.
 13138 | Orc:4    | Bought a brightly glowing war axe for 161 gold pieces
 13138 | Orc:4    | Identified the +6 war axe of Virtue {chop, rPois Int-4 Dex+7} (You bought it in a shop on level 4 of the Orcish Mines)
 13177 | Orc:4    | Noticed an orc high priest
 13191 | Orc:4    | Killed an orc high priest
 13194 | Orc:4    | Found Grumeekh's General Store.
 13247 | Orc:4    | Noticed an orc high priest
 13248 | Orc:4    | Noticed an orc high priest
 13261 | Orc:4    | Killed an orc high priest
 13267 | Orc:4    | Killed an orc high priest
 13359 | Orc:4    | Noticed an orc high priest
 13362 | Orc:4    | Noticed an orc high priest
 13372 | Orc:4    | Killed an orc high priest
 13380 | Orc:4    | Killed an orc high priest
 13520 | Orc:4    | Found a staircase to the Elven Halls.
 13604 | Orc:4    | Reached skill level 5 in Shields
 13612 | Orc:4    | Reached skill level 10 in Fighting
 13914 | Elf:1    | Entered Level 1 of the Elven Halls
 14259 | D:11     | Found a staircase to the Lair.
 14268 | D:11     | Noticed a manticore
 14276 | D:11     | Killed a manticore
 14276 | D:11     | Gained mutation: You have an unnaturally thin skeletal structure (Dex +6, Stealth++). [demonic ancestry]
 14276 | D:11     | Reached XP level 13. HP: 87/103 MP: 20/20
 14343 | D:11     | Received a gift from Nemelex Xobeh
 14353 | D:11     | Noticed Urug
 14361 | D:11     | Killed Urug
 14395 | D:11     | Noticed Pereza0's ghost (powerful DgSu)
 14418 | D:11     | Killed Pereza0's ghost
 14443 | D:11     | Noticed Gastronok
 14447 | D:11     | Killed Gastronok
 14453 | D:11     | Noticed a cyan ugly thing
 14459 | D:11     | Killed a cyan ugly thing
 14459 | D:11     | Reached skill level 12 in Axes
 14518 | D:11     | Noticed a manticore
 14526 | D:11     | Killed a manticore
 14851 | D:12     | Noticed Maurice
 14859 | D:12     | Killed Maurice
 15088 | D:12     | Upgraded the game from 0.16.0-7-ge91f220 to 0.16.0-8-gd9ae3a8
 15223 | D:12     | Received a gift from Nemelex Xobeh
 15466 | D:12     | Noticed Joseph
 15477 | D:12     | Killed Joseph
 15732 | Lair:1   | Entered Level 1 of the Lair of Beasts
 15886 | Lair:1   | Got a bound bone ring
 15888 | Lair:1   | Identified the ring "Luruqyoth" {+cTele rPois Str-5 Dex+5} (You found it on level 1 of the Lair of Beasts)
 16000 | Lair:1   | Received a gift from Nemelex Xobeh
 16134 | Lair:1   | Found a labyrinth entrance.
 16516 | Lair:2   | Received a gift from Nemelex Xobeh
 17677 | Lair:3   | Gained mutation: You can steal the life force of defeated enemies. [demonic ancestry]
 17677 | Lair:3   | Reached XP level 14. HP: 107/111 MP: 21/21
 18010 | Lair:3   | Received a gift from Nemelex Xobeh
 18434 | Lair:4   | Found a staircase to the Snake Pit.
 18491 | Lair:4   | Found a glowing golden altar of the Shining One.
 19130 | Lair:5   | Received a gift from Nemelex Xobeh
 19410 | Lair:5   | Received a gift from Nemelex Xobeh
 19754 | Lair:5   | Reached skill level 13 in Axes
 19907 | Lair:6   | Found a blossoming altar of Fedhas.
 19988 | Lair:6   | Received a gift from Nemelex Xobeh
 20437 | Lair:6   | Found a staircase to the Swamp.
 20527 | Lair:7   | Received a gift from Nemelex Xobeh
 20597 | Lair:7   | Got a pair of faintly humming gloves
 20603 | Lair:7   | Identified the cursed -4 pair of gloves "Phainn" {rF- rN+ Int+4} (You found it on level 7 of the Lair of Beasts)
 20700 | Lair:7   | Found a viscous altar of Jiyva.
 20740 | Lair:7   | Found a staircase to the Slime Pits.
 20968 | Lair:7   | Received a gift from Nemelex Xobeh
 21193 | Lair:8   | Entered Level 8 of the Lair of Beasts
 21246 | Lair:8   | Reached skill level 5 in Evocations
 21388 | Lair:8   | Received a gift from Nemelex Xobeh
 21462 | Lair:8   | Reached skill level 10 in Stealth
 21624 | Lair:8   | Reached skill level 10 in Dodging
 21749 | Lair:8   | Reached XP level 15. HP: 119/119 MP: 23/23
 22211 | Snake:1  | Entered Level 1 of the Snake Pit
 22220 | Snake:1  | Noticed Aizul
 22257 | Snake:1  | Killed Aizul
 22338 | Snake:1  | Got a brightly glowing plate armour
 22349 | Snake:1  | Identified the +5 plate armour "Uchibb" {rElec rF- rCorr Str+4 Dex+2} (You found it on level 1 of the Snake Pit)
 22390 | Snake:1  | Received a gift from Nemelex Xobeh
 22642 | Snake:1  | Reached skill level 14 in Axes
 22654 | Snake:1  | Noticed Kirke
 22665 | Snake:1  | Killed Kirke
 22793 | Snake:2  | Noticed Louise
 22795 | Snake:2  | Killed Louise
 22805 | Snake:2  | Got an encrusted chain mail
 22816 | Snake:2  | Identified the +3 chain mail of the New World {+Fly MP+9 Str-4} (You found it on level 2 of the Snake Pit)
 22869 | Snake:2  | Found Nuar's Jewellery Boutique.
 22931 | Snake:2  | Noticed Donald
 22934 | Snake:2  | Killed Donald
 23179 | Snake:2  | Identified 2 scrolls of acquirement
 23183 | Snake:2  | Got a brightly glowing hat
 23220 | Snake:2  | Identified the -2 hat of Dishonour {rN++} (You acquired it on level 2 of the Snake Pit)
 23417 | Snake:2  | Noticed Nessos
 23428 | Snake:2  | Killed Nessos
 23428 | Snake:2  | Reached skill level 10 in Armour
 23531 | Snake:2  | Received a gift from Nemelex Xobeh
 24122 | Snake:4  | Received a gift from Nemelex Xobeh
 24290 | Snake:4  | Gained mutation: When low on magic, you restore magic in place of health. [demonic ancestry]
 24290 | Snake:4  | Reached XP level 16. HP: 127/127 MP: 25/25
 24473 | Snake:5  | Entered Level 5 of the Snake Pit
 24510 | Snake:5  | Received a gift from Nemelex Xobeh
 24857 | Snake:5  | Reached skill level 15 in Axes
 25112 | Snake:5  | Reached skill level 10 in Shields
 25255 | Snake:5  | Gained mutation: Your flesh is heat resistant. [demonic ancestry]
 25255 | Snake:5  | Reached XP level 17. HP: 133/136 MP: 26/26
 25272 | Snake:5  | Got a serpentine rune of Zot
 25627 | Slime:1  | Entered Level 1 of the Pits of Slime
 25904 | Swamp:1  | Entered Level 1 of the Swamp
 26096 | Swamp:1  | Received a gift from Nemelex Xobeh
 26300 | Swamp:1  | Noticed Agnes
 26309 | Swamp:1  | Killed Agnes
 26333 | Swamp:1  | Received a gift from Nemelex Xobeh
 26478 | Swamp:1  | Reached skill level 16 in Axes
 26751 | Swamp:2  | Received a gift from Nemelex Xobeh
 27383 | Swamp:3  | Received a gift from Nemelex Xobeh
 27835 | Swamp:3  | Received a gift from Nemelex Xobeh
 28348 | Swamp:4  | Received a gift from Nemelex Xobeh
 28779 | Swamp:5  | Entered Level 5 of the Swamp
 29388 | Swamp:5  | Reached XP level 18. HP: 68/141 MP: 27/27
 29390 | Swamp:5  | Noticed a bone dragon
 29526 | Swamp:5  | Upgraded the game from 0.16.0-8-gd9ae3a8 to 0.16.0-11-gd45b091
 29608 | Swamp:5  | Killed a bone dragon
 29763 | Swamp:5  | Got a decaying rune of Zot
 30324 | Elf:1    | Received a gift from Nemelex Xobeh
 30590 | Elf:1    | Noticed a deep elf high priest
 30591 | Elf:1    | Noticed a deep elf demonologist
 30591 | Elf:1    | Noticed a deep elf demonologist
 30595 | Elf:1    | Killed a deep elf demonologist
 30596 | Elf:1    | Killed a deep elf high priest
 30599 | Elf:1    | Killed a deep elf demonologist
 30699 | Elf:1    | Reached skill level 17 in Axes
 30722 | Elf:1    | Received a gift from Nemelex Xobeh
 30749 | Elf:1    | Noticed a deep elf demonologist
 30753 | Elf:1    | Killed a deep elf demonologist
 30805 | Elf:1    | Noticed a deep elf annihilator
 30809 | Elf:1    | Killed a deep elf annihilator
 30977 | Elf:1    | Found a portal to a secret trove of treasure.
 31027 | Elf:1    | You paid a toll of 2 potions of cure mutation to enter a treasure trove
 31028 | Trove    | Entered a treasure trove
 31036 | Trove    | Got a pair of shimmering gloves
 31038 | Trove    | Got a warped swamp dragon armour
 31049 | Trove    | Identified the +2 pair of gloves of Purpose {MR+ SInv} (You found it in a treasure trove)
 31060 | Trove    | Identified the +4 swamp dragon armour of the Gate {rPois Dex+4} (You found it in a treasure trove)
 31078 | Trove    | Got a smoking chain mail
 31104 | Trove    | Identified the +7 chain mail "Wounaitui" {Dex+6 Stlth+} (You found it in a treasure trove)
 31131 | Trove    | Got an ancient ring mail
 31159 | Trove    | Identified the +3 ring mail of the Game Afoot {rC+ Str+5} (You found it in a treasure trove)
 31205 | Trove    | Identified a +1 pair of boots of running (You found it in a treasure trove)
 31216 | Trove    | Got a pair of ancient gloves
 31227 | Trove    | Identified the +3 pair of gloves of the Slug {rPois rN+} (You found it in a treasure trove)
 31353 | Elf:2    | Found a frozen archway.
 31559 | IceCv    | Entered an ice cave
 31908 | IceCv    | Received a gift from Nemelex Xobeh
 32073 | IceCv    | Got a twitching bronze ring
 32075 | IceCv    | Identified the ring "Muprucsy" {MP+9 SInv} (You found it in an ice cave)
 32092 | IceCv    | Got a pair of faintly glowing gloves
 32103 | IceCv    | Identified the +3 pair of gloves "Klauna" {Contam rElec rF- rC+ rN+} (You found it in an ice cave)
 32290 | Elf:2    | Found a runed gate.
 32290 | Elf:2    | Found a runed gate.
 32291 | Elf:2    | Found a runed gate.
 32926 | Elf:3    | Entered Level 3 of the Elven Halls
 32945 | Elf:3    | Received a gift from Nemelex Xobeh
 33207 | Elf:3    | Noticed Azrael
 33219 | Elf:3    | Killed Azrael
 33219 | Elf:3    | Reached skill level 15 in Fighting
 33219 | Elf:3    | Gained mutation: You have a pair of large horns on your head. [demonic ancestry]
 33219 | Elf:3    | Reached XP level 19. HP: 47/145 MP: 23/28
 33627 | Elf:3    | Got a vibrating turquoise ring
 33675 | Elf:3    | Reached skill level 18 in Axes
 33695 | Elf:3    | Identified the ring "Qolaemu" {rPois rF+ Dex+5} (You took it off a deep elf mage on level 3 of the Elven Halls)
 33911 | Elf:3    | Got a scintillating turquoise ring
 34007 | Elf:3    | Noticed Frances
 34017 | Elf:3    | Killed Frances
 34300 | Elf:3    | Identified the ring "Mout" {MP+9 Str+5 Stlth+} (You took it off a deep elf demonologist on level 3 of the Elven Halls)
 34358 | Elf:3    | Received a gift from Nemelex Xobeh
 35361 | D:13     | Found a gate to the Vaults.
 35369 | Vaults:1 | Entered Level 1 of the Vaults
 35806 | Vaults:1 | Received a gift from Nemelex Xobeh
 35954 | Vaults:1 | Found Smeamm's Magic Scroll Shoppe.
 35962 | Vaults:1 | Bought a scroll of acquirement for 624 gold pieces
 36029 | Vaults:1 | Got a pair of encrusted boots
 36040 | Vaults:1 | Identified the +1 pair of boots "Cesoil" {Stlth+} (You acquired it on level 1 of the Vaults)
 36078 | Vaults:1 | Received a gift from Nemelex Xobeh
 36470 | Vaults:2 | Reached XP level 20. HP: 154/154 MP: 29/29
 36576 | Vaults:2 | Received a gift from Nemelex Xobeh
 36814 | Vaults:2 | Received a gift from Nemelex Xobeh
 36828 | Vaults:2 | Found Ogikesuh's Antique Armour Emporium.
 37628 | Vaults:3 | Received a gift from Nemelex Xobeh
 37691 | Vaults:3 | Found a staircase to the Crypt.
 37874 | Vaults:3 | Noticed Norris
 37876 | Vaults:3 | Noticed Norris
 37876 | Vaults:3 | Norris changed into Norris the shard shrike
 37888 | Vaults:3 | Killed Norris the shard shrike
 38113 | Vaults:3 | Received a gift from Nemelex Xobeh
 38226 | Vaults:3 | Reached skill level 19 in Axes
 39007 | Vaults:4 | Received a gift from Nemelex Xobeh
 39254 | Vaults:4 | Received a gift from Nemelex Xobeh
 39431 | Vaults:4 | Gained mutation: You are immune to clouds of flame. [demonic ancestry]
 39431 | Vaults:4 | Reached XP level 21. HP: 160/162 MP: 30/30
 39714 | Vaults:5 | Entered Level 5 of the Vaults
 39751 | Vaults:5 | Reached skill level 20 in Axes
 39840 | Vaults:5 | Got a scintillating pewter ring
 39873 | Vaults:5 | Found Kheudiuz's General Store.
 39913 | Vaults:5 | Received a gift from Nemelex Xobeh
 39992 | Vaults:5 | Identified the ring "Witrinag" {+Fly rC- MR+ MP-9 Str-5 Int+7} (You found it on level 5 of the Vaults)
 40008 | Vaults:5 | Bought a scroll of acquirement for 624 gold pieces
 40305 | Vaults:5 | Got a vibrating lapis lazuli ring
 40306 | Vaults:5 | Identified the ring of the Queen {+/*Tele +Blink rPois Int+2} (You found it on level 5 of the Vaults)
 40370 | Vaults:5 | Found Xasog's Armour Shoppe.
 40433 | Vaults:5 | Paralysed by an orc sorcerer for 5 turns
 40587 | Vaults:5 | Reached XP level 22. HP: 165/172 MP: 31/31
 40734 | Vaults:5 | Received a gift from Nemelex Xobeh
 40745 | Vaults:5 | Got a steaming bronze ring
 40747 | Vaults:5 | Identified the ring "Hega" {SustAb -Cast rN+ MR++ Int+4} (You found it on level 5 of the Vaults)
 41034 | Vaults:5 | Got a silver rune of Zot
 41184 | Crypt:1  | Entered Level 1 of the Crypt
 41222 | Crypt:1  | Got an ancient long sword
 41223 | Crypt:1  | Identified the +3 long sword "Plozairgh" {flame, +Fly Str+4 Stlth+} (You found it on level 1 of the Crypt)
 41286 | Crypt:1  | Reached skill level 21 in Axes
 41308 | Crypt:1  | Received a gift from Nemelex Xobeh
 41496 | Crypt:1  | Received a gift from Nemelex Xobeh
 41496 | Crypt:1  | Received a gift from Nemelex Xobeh
 42490 | Crypt:2  | Got a shimmering tin ring
 42877 | Crypt:3  | Entered Level 3 of the Crypt
 43031 | Crypt:3  | Received a gift from Nemelex Xobeh
 43162 | Crypt:3  | Found a basalt altar of Yredelemnul.
 43162 | Crypt:3  | Noticed an ancient lich
 43175 | Crypt:3  | Killed an ancient lich
 43208 | Crypt:3  | Found a staircase to the Tomb.
 43214 | Crypt:3  | Identified the ring "Ziekkoixou" {rF+ MR+ Int-5 SInv} (You found it on level 2 of the Crypt)
 43218 | Crypt:3  | Got a pitted glass ring
 43219 | Crypt:3  | Identified the ring of Ziozaghy {+Blink rN+ Int-5 Dex+4} (You found it on level 3 of the Crypt)
 43223 | Crypt:3  | Got a faintly glowing gossamer ring
 43224 | Crypt:3  | Identified the ring of the Harvest {rElec rPois rF+ rN+ Str+2} (You found it on level 3 of the Crypt)
 43227 | Crypt:3  | Got a smoking bone ring
 43231 | Crypt:3  | Identified the ring of Frauc {rElec rC+ rN+ Dex-3 Stlth+} (You found it on level 3 of the Crypt)
 43245 | Tomb:1   | Entered Level 1 of the Tomb of the Ancients
 43245 | Tomb:1   | Noticed Sojobo
 43410 | Crypt:3  | Reached XP level 23. HP: 175/180 MP: 32/32
 43830 | Tomb:1   | Killed Sojobo
 43885 | Tomb:1   | Received a gift from Nemelex Xobeh
 44005 | Tomb:1   | Reached skill level 15 in Shields
 44027 | Tomb:1   | Reached skill level 22 in Axes
 44065 | Tomb:1   | Noticed a greater mummy
 44089 | Tomb:1   | HP: 4/181 [mummy priest/divine providence (6)]
 44108 | Tomb:1   | HP: 5/181 [Executioner[a lich] (7)]
 44115 | Tomb:1   | HP: 6/181 [Executioner[a lich] (4)]
 44743 | D:14     | Noticed Snorg
 44748 | D:14     | Killed Snorg
 44944 | D:14     | Received a gift from Nemelex Xobeh
 45117 | D:15     | Entered Level 15 of the Dungeon
 45206 | D:15     | Received a gift from Nemelex Xobeh
 45316 | D:15     | Found a staircase to the Depths.
 45692 | D:15     | Received a gift from Nemelex Xobeh
 46166 | Depths:1 | Entered Level 1 of the Depths
 46166 | Depths:1 | Received a gift from Nemelex Xobeh
 46212 | Depths:1 | Found a shimmering altar of Xom.
 46244 | Depths:1 | Found a one-way gate leading to the halls of Pandemonium.
 46281 | Depths:1 | Found a gateway to Hell.
 46481 | Depths:1 | Noticed Wiglaf
 46490 | Depths:1 | Killed Wiglaf
 46530 | Depths:1 | Found a sparkling altar of Nemelex Xobeh.
 46542 | Depths:1 | Found a one-way gate to the infinite horrors of the Abyss.
 46888 | Depths:2 | Received a gift from Nemelex Xobeh
 47563 | Depths:2 | Gained mutation: You can steal the life force of all defeated enemies in sight. [demonic ancestry]
 47563 | Depths:2 | Reached XP level 24. HP: 190/190 MP: 33/33
 47830 | Depths:3 | Received a gift from Nemelex Xobeh
 47930 | Depths:3 | Reached skill level 23 in Axes
 48123 | Depths:3 | Received a gift from Nemelex Xobeh
 48260 | Depths:3 | Noticed Riabatra the pandemonium lord
 48264 | Depths:3 | Riabatra (ally) was killed the pandemonium lord
 48264 | Depths:3 | Your ally Riabatra died
 48607 | Depths:3 | Got a clouded bronze amulet
 48664 | Hell     | Entered the Vestibule of Hell
 48668 | Hell     | Noticed Geryon
 48687 | Hell     | Killed Geryon
 48706 | Hell     | Identified the amulet of Leaves {rCorr Int+3 Dex+3 Stlth-} (You found it on level 3 of the Depths)
 48769 | Hell     | Found a gateway to the ashen valley of Gehenna.
 48864 | Hell     | Noticed Murray
 48877 | Hell     | Killed Murray
 48950 | Hell     | Found a gateway to the Iron City of Dis.
 49002 | Hell     | Found a gateway to the freezing wastes of Cocytus.
 49087 | Hell     | Found a gateway to the decaying netherworld of Tartarus.
 49128 | Hell     | Received a gift from Nemelex Xobeh
 49325 | Coc:1    | Entered Level 1 of Cocytus
 49526 | Coc:1    | Noticed Buezotu the pandemonium lord
 49645 | Coc:1    | Gained mutation: You can hurl blasts of hellfire. [demonic ancestry]
 49645 | Coc:1    | Reached XP level 25. HP: 178/199 MP: 34/34
 49820 | Coc:1    | Reached skill level 24 in Axes
 50226 | Coc:2    | Received a gift from Nemelex Xobeh
 51244 | Coc:3    | Received a gift from Nemelex Xobeh
 51991 | Coc:3    | Received a gift from Nemelex Xobeh
 52178 | Coc:4    | Gained mutation: Armour fits poorly on your strangely shaped body. [mutagenic glow]
 52506 | Coc:5    | Received a gift from Nemelex Xobeh
 52561 | Coc:5    | Reached XP level 26. HP: 67/206 MP: 34/34
 52566 | Coc:5    | Reached skill level 25 in Axes
 52997 | Coc:7    | Entered Level 7 of Cocytus
 53340 | Depths:4 | Received a gift from Nemelex Xobeh
 53371 | Depths:4 | Reached skill level 15 in Armour
 53380 | Depths:4 | Noticed Qathasm the pandemonium lord
 53454 | Depths:4 | Found a gateway to a ziggurat.
 53534 | Depths:4 | Paralysed by a great orb of eyes for 3 turns
 53663 | Depths:4 | Found a deep blue altar of Sif Muna.
 53772 | Depths:4 | Found Archommi's Antique Weapon Emporium.
 53775 | Depths:4 | Bought an ichor-stained war axe for 238 gold pieces
 53775 | Depths:4 | Identified the +8 war axe "Ituc" {flame, +Blink +Fly Dex+5 Stlth-} (You bought it in a shop on level 4 of the Depths)
 53806 | Depths:4 | Found a deep blue altar of Sif Muna.
 54500 | Depths:5 | Entered Level 5 of the Depths
 54500 | Depths:5 | Received a gift from Nemelex Xobeh
 55196 | Depths:5 | Received a gift from Nemelex Xobeh
 55326 | Depths:5 | Found a gate to the Realm of Zot.
 55360 | Zot:1    | Entered Level 1 of the Realm of Zot
 55691 | Zot:1    | Received a gift from Nemelex Xobeh
 55744 | Zot:1    | Reached XP level 27. HP: 165/214 MP: 35/35
 55886 | Zot:1    | Noticed an orb of fire
 55898 | Zot:1    | Gained mutation: You are weak. (Str -2) [an orb of fire]
 55902 | Zot:1    | Killed an orb of fire
 55902 | Zot:1    | Reached skill level 26 in Axes
 55966 | Zot:1    | Received a gift from Nemelex Xobeh
 56658 | Zot:2    | Received a gift from Nemelex Xobeh
 56720 | Zot:2    | Got a crude steel ring
 56721 | Zot:2    | Identified the ring "Gubo" {rElec Int+3 Slay+3} (You found it on level 2 of the Realm of Zot)
 57146 | Zot:3    | Received a gift from Nemelex Xobeh
 57258 | Zot:3    | Received a gift from Nemelex Xobeh
 57359 | Zot:3    | Reached skill level 10 in Evocations
 57883 | Zot:4    | Received a gift from Nemelex Xobeh
 58258 | Zot:4    | Noticed Janybeas the pandemonium lord
 58602 | Zot:5    | Entered Level 5 of the Realm of Zot
 58874 | Zot:5    | Received a gift from Nemelex Xobeh
 59003 | Zot:5    | Reached skill level 27 in Axes
 59042 | Zot:5    | Noticed an ancient lich
 59055 | Zot:5    | Noticed an orb of fire
 59077 | Zot:5    | Gained mutation: You expend magic power (3 MP) to slightly strengthen your wands. [an orb of fire]
 59084 | Zot:5    | Killed an orb of fire
 59106 | Zot:5    | Killed an ancient lich
 59132 | Zot:5    | Noticed an orb of fire
 59147 | Zot:5    | Killed an orb of fire
 59153 | Zot:5    | Noticed an ancient lich
 59169 | Zot:5    | Killed an ancient lich
 59204 | Zot:5    | Noticed an orb of fire
 59205 | Zot:5    | Gained mutation: You are clumsy. (Dex -2) [an orb of fire]
 59213 | Zot:5    | Gained mutation: You are frail (-10% HP). [an orb of fire]
 59215 | Zot:5    | Killed an orb of fire
 59215 | Zot:5    | Reached skill level 15 in Stealth
 59309 | Zot:5    | Got the Orb of Zot
 59375 | Zot:5    | Noticed an ancient lich
 59383 | Zot:5    | Killed an ancient lich
 59424 | Zot:4    | Noticed Awkuogi the pandemonium lord
 59457 | Zot:4    | Killed Awkuogi the pandemonium lord
 59647 | Depths:5 | Noticed Giwaid the pandemonium lord
 59653 | Depths:5 | Paralysed by a giant eyeball for 2 turns
 59660 | Depths:5 | Killed Giwaid the pandemonium lord
 60117 | D:7      | Noticed a seraph
 60156 | D:6      | Noticed Psam the pandemonium lord
 60180 | D:5      | Killed Psam the pandemonium lord
 60450 | D:$      | Escaped with the Orb!

Action                   |  1- 3 |  4- 6 |  7- 9 | 10-12 | 13-15 | 16-18 | 19-21 | 22-24 | 25-27 || total
-------------------------+-------+-------+-------+-------+-------+-------+-------+-------+-------++-------
Melee: War axe           |    89 |    85 |     9 |    98 |   721 |   967 |   246 |       |       ||  2215
       Battleaxe         |       |       |   278 |   447 |       |       |       |       |       ||   725
       Broad axe         |       |       |       |       |       |       |   619 |  1571 |  1766 ||  3956
Evoke: Deck              |       |     2 |    14 |    31 |    52 |    42 |    32 |    27 |    71 ||   271
       Wand              |       |       |     1 |       |       |       |       |       |       ||     1
       Lamp of fire      |       |       |       |       |     1 |       |       |       |       ||     1
       Box of beasts     |       |       |       |       |       |       |     4 |       |       ||     4
       Phantom mirror    |       |       |       |       |       |       |     1 |       |       ||     1
  Use: Scroll            |     4 |       |     3 |     4 |    18 |    17 |     9 |    12 |    12 ||    79
       Potion            |       |       |       |     2 |       |     1 |     2 |     8 |     3 ||    16
 Stab: Sleeping          |       |       |     2 |    23 |    70 |    27 |    38 |    18 |     6 ||   184
       Invisible         |       |       |       |     2 |     5 |     4 |       |       |       ||    11
       Distracted        |       |       |       |     3 |     9 |     6 |     9 |    16 |    11 ||    54
       Petrifying        |       |       |       |       |       |       |     1 |       |       ||     1
       Paralysed         |       |       |       |       |       |       |       |     1 |     1 ||     2
  Eat: Chunk             |     3 |     5 |    12 |    17 |     4 |       |       |       |       ||    41
       Bread ration      |       |       |     1 |       |     4 |     5 |       |     4 |     2 ||    16
       Pizza             |       |       |       |     1 |     3 |     3 |     1 |       |       ||     8
       Royal jelly       |       |       |       |     1 |       |       |       |       |    10 ||    11
       Beef jerky        |       |       |       |       |     6 |     4 |     5 |     3 |     4 ||    22
       Fruit             |       |       |       |       |       |     4 |    25 |    15 |     5 ||    49
